 Dungeon Crawl Stone Soup version 0.28-a0-1505-g8c907de6ad (webtiles) character file.

Game seed: 351683269849874466

532 vineage the Skirmisher (level 7, 0/66 HPs)
             Began as a Minotaur Fighter on Jan 13, 2022.
             Slain by Pikel (1 damage)
             ... on level 4 of the Dungeon.
             The game lasted 00:03:22 (4028 turns).

vineage the Skirmisher (Minotaur Fighter)           Turns: 4028, Time: 00:03:22

Health: 0/66       AC:  6    Str: 23    XL:     7   Next: 3%
Magic:  6/6        EV:  6    Int:  5    God:
Gold:   220        SH:  4    Dex:  9    Spells: 6/6 levels left

rFire   . . .      SeeInvis .   a - +1 war axe
rCold   . . .      Faith    .   c - +0 buckler
rNeg    . . .      Spirit   .   d - +0 plate armour
rPois   .          Reflect  .   (helmet restricted)
rElec   .          Harm     .   f - scarf {repulsion}
rCorr   .          Rampage  .   (no gloves)
Will    .....                   (no boots)
Stlth   ..........              (no amulet)
HPRegen 0.21/turn               (no ring)
MPRegen 0.10/turn               (no ring)

@: repel missiles
A: horns 2, retaliatory headbutt, deformed body, MP-powered wands
a: no special abilities


You were on level 4 of the Dungeon.
You visited 1 branch of the dungeon, and saw 5 of its levels.

You collected 220 gold pieces.

Inventory:

Hand Weapons
 a - a +1 war axe (weapon)
Armour
 b - a +0 scale mail
 c - a +0 buckler (worn)
 d - a +0 plate armour (worn)
 f - a scarf of repulsion (worn)
Jewellery
 i - a ring of flight
Wands
 m - a wand of flame (25)
Potions
 e - a potion of cancellation
 g - a potion of attraction {unknown}
 h - a potion of degeneration {unknown}
 j - a potion of curing
 k - a potion of resistance {unknown}
 l - a potion of heal wounds {unknown}
 n - a potion of brilliance {unknown}


   Skills:
 + Level 7.3 Fighting
 + Level 6.7 Axes
 - Level 3.6 Armour
 - Level 3.6 Shields


You had 6 spell levels left.
You didn't know any spells.
Your spell library contained the following spells:

 Spells                   Type           Power      Damage    Failure   Level
 Magic Dart               Conj           0%         1d3       100%        1
 Searing Ray              Conj           0%         2d4       100%        2
 Portal Projectile        Hex/Tloc       0%         N/A       100%        3
 Fulminant Prism          Conj/Hex       0%         3d6       100%        4
 Summon Ice Beast         Ice/Summ       0%         N/A       100%        4
 Blade Hands              Tmut           0%         N/A       100%        5
 Excruciating Wounds      Necr           0%         N/A       100%        5
 Summon Mana Viper        Hex/Summ       0%         N/A       100%        5
 Monstrous Menagerie      Summ           0%         N/A       100%        7


Dungeon Overview and Level Annotations

Branches:
Dungeon (5/15)
 Temple: D:4-7

Altars:
Elyvilon
Kikubaaqudgha

Annotations:
D:4 Pikel


Innate Abilities, Weirdness & Mutations

You have a pair of horns on your head.
You reflexively headbutt those who attack you in melee.
Armour fits poorly on your strangely shaped body.
You expend magic power (3 MP) to strengthen your wands.


Message History

Pikel is lightly wounded.
Pikel closely misses you.
You slash Pikel! You headbutt Pikel.
Pikel is moderately wounded.
Pikel hits you with a +2 whip of flaming!
Pikel burns you.
You barely miss Pikel. Your headbutt misses Pikel.
Pikel is moderately wounded.
Pikel hits you with a +2 whip of flaming!
Pikel burns you. Pikel barely misses you. You furiously retaliate!
You headbutt Pikel, but do no damage. You hit Pikel but do no damage.
Pikel is moderately wounded.
Pikel hits you with a +2 whip of flaming.
Pikel burns you.
You barely miss Pikel.
Pikel is moderately wounded.
Pikel hits you with a +2 whip of flaming!
* * * LOW HITPOINT WARNING * * *
Pikel burns you.
* * * LOW HITPOINT WARNING * * *
You barely miss Pikel.
Pikel is moderately wounded.
You block Pikel's attack.
It was a potion of curing.
You feel better.
Pikel hits you with a +2 whip of flaming.
Pikel burns you.
* * * LOW HITPOINT WARNING * * *
You hit Pikel.
Pikel is heavily wounded.
Pikel hits you with a +2 whip of flaming.
* * * LOW HITPOINT WARNING * * *
Pikel burns you.
* * * LOW HITPOINT WARNING * * *
You hit Pikel. You headbutt Pikel!
Pikel is almost dead.
Pikel hits you with a +2 whip of flaming!
* * * LOW HITPOINT WARNING * * *
Pikel burns you.
You die...

........)...)..<.......#####....†
..#######......##...........#...#
.########......########..........
####...........##### #.....#...#
.....#########.....# ######.....
###### #.....# ###### ##....#
#..K.# #.@..# #....# #....#
#....# #....# #....# ######


You could see Pikel.

Vanquished Creatures
  Grinder (D:3)
  A centaur (D:4)
  Jessica (D:2)
  Ijyb (D:4)
  An iguana (D:4)
  An orc wizard (D:4)
  5 adders
  4 gnolls
  A worm (D:3)
  A dart slug (D:1)
  6 orcs
  7 ball pythons
  4 endoplasms
  A giant cockroach (D:1)
  8 goblins
  9 hobgoblins
  3 quokkas
  11 bats
  2 frilled lizards
  12 kobolds
  5 rats
85 creatures vanquished.

Notes
Turn   | Place    | Note
-------+----------+-------------------------------------------
     0 | D:1      | vineage the Minotaur Fighter began the quest for the Orb.
     0 | D:1      | Reached XP level 1. HP: 19/19 MP: 0/0
    22 | D:1      | Found a faded altar of an unknown god.
   244 | D:1      | Reached skill level 4 in Fighting
   244 | D:1      | Reached XP level 2. HP: 21/27 MP: 1/1
   786 | D:2      | Reached XP level 3. HP: 33/34 MP: 2/2
   857 | D:2      | Noticed Jessica
   862 | D:2      | Killed Jessica
   896 | D:2      | Reached XP level 4. HP: 32/41 MP: 3/3
  1059 | D:2      | Reached skill level 5 in Fighting
  1882 | D:2      | Gained mutation: Armour fits poorly on your strangely
                  | shaped body. [potion of mutation]
  1882 | D:2      | Gained mutation: You expend magic power (3 MP) to
                  | strengthen your wands. [potion of mutation]
  2086 | D:3      | Noticed Grinder
  2100 | D:3      | Paralysed by Grinder for 5 turns
  2108 | D:3      | Killed Grinder
  2109 | D:3      | Reached skill level 6 in Fighting
  2109 | D:3      | Reached skill level 5 in Axes
  2109 | D:3      | Reached XP level 5. HP: 8/51 MP: 4/4
  2109 | D:3      | Reached XP level 6. HP: 10/58 MP: 5/5
  2667 | D:3      | Found a white marble altar of Elyvilon.
  3141 | D:4      | Found an ancient bone altar of Kikubaaqudgha.
  3759 | D:4      | Noticed Ijyb
  3770 | D:4      | Killed Ijyb
  3771 | D:4      | Reached skill level 7 in Fighting
  3980 | D:4      | Reached XP level 7. HP: 65/66 MP: 6/6
  4006 | D:5      | Entered Level 5 of the Dungeon
  4009 | D:5      | Noticed Pikel
  4028 | D:4      | HP: 1/66 [Pikel (11)]
  4028 | D:4      | Slain by Pikel

Illustrated notes

Levels and vault maps discovered:
D:1:      wander_arrival_chamber, layout_basic,
          ebering_ecumenical_altar_sacrificial,
          hangedman_abyss_or_decor_lesser_grid, minmay_tetromino_i2
D:2:      layout_basic, nicolae_underground_beach, uniq_jessica
D:3:      layout_basic, lemuel_tele_altar, minmay_misc_feat_cross,
          minmay_pentomino_pile, uniq_grinder
D:4:      layout_rooms, lemuel_coloured_pillars_altar, uniq_ijyb
D:5:      layout_cave_pools, gup_sewer_entry_bubbles, uniq_pikel, uniq_eustachio

Skill      XL: |  1  2  3  4  5  6 |
---------------+-------------------+-----
Fighting       | 4 6 7 |  7.3
Axes           | 3 4 5 6 |  6.7
Armour         | |  3.6
Shields        | |  3.6

Action                   |  1- 3 |  4- 6 |  7- 9 || total
-------------------------+-------+-------+-------++-------
Melee: War axe           |    62 |   119 |     9 ||   190
       Headbutt          |     5 |    21 |     3 ||    29
  Use: Scroll            |     1 |     3 |       ||     4
       Potion            |       |     2 |     1 ||     3
Armor: Scale mail        |    29 |    12 |       ||    41
       Plate armour      |       |    33 |       ||    33
Dodge: Dodged            |    35 |    43 |     2 ||    80
       Repelled          |       |     1 |       ||     1
Block: Buckler           |    14 |    28 |     1 ||    43

Table legend: (Time is in decaauts)
 A = Elapsed time spent in this place.
 B = Non-inter-level travel time spent in this place.
 C = Inter-level travel time spent in this place.
 D = Time resting spent in this place.
 E = Time spent auto-exploring this place.
 F = Levels seen in this place.
 G = Mean time per level.
                   A        B        C        D        E       F      G
               +--------+--------+--------+--------+--------+-----+--------+
         Total |   4084 |   4005 |     79 |    189 |   3247 |   5 |  816.8 |
       Dungeon |   4084 |   4005 |     79 |    189 |   3247 |   5 |  816.8 |
               +--------+--------+--------+--------+--------+-----+--------+

Top non-repeatable levels by time:
     D:3: 1279 daAuts
     D:2: 1155 daAuts
     D:4: 859 daAuts
     D:1: 777 daAuts
     D:5: 12 daAuts
